 Dungeon Crawl Stone Soup version 0.25-a0-317-g5f8687b (webtiles) character file.

Game seed: 2460421337115709229, levelgen mode: deterministic

202 Atlas the Firebug (level 5, -3/39 HPs)
             Began as a Draconian Fire Elementalist on Dec 25, 2019.
             Killed from afar by Ijyb (11 damage)
             ... with a puff of flame
             ... on level 2 of the Dungeon.
             The game lasted 00:05:44 (3121 turns).

Atlas the Firebug (Draconian Fire Elementalist)     Turns: 3121, Time: 00:05:46

Health: -3/39      AC:  5    Str: 11    XL:     5   Next: 50%
Magic:  1/9        EV: 11    Int: 16    God:
Gold:   249        SH:  3    Dex: 11    Spells: 1/9 levels left

rFire    . . .     SeeInvis .     - Unarmed
rCold    . . .     Gourm    .   s - +0 buckler
rNeg     . . .     Faith    .   (armour unavailable)
rPois    +         Spirit   .   (helmet restricted)
rElec    .         Reflect  .   (no cloak)
rCorr    .         Harm     .   (no gloves)
MR       +....                  (no boots)
Stlth    ++........             (no amulet)
HPRegen  0.13/turn              r - ring of flight
MPRegen  0.11/turn              (no ring)

@: no status effects
A: unfitting armour, magic resistance 1, poison resistance, cold-blooded,
MP-powered wands, AC +5
a: Evoke Flight


You were on level 2 of the Dungeon.
You were not hungry.

You visited 1 branch of the dungeon, and saw 3 of its levels.

You collected 249 gold pieces.

Inventory:

Armour
 s - a +0 buckler (worn)
Jewellery
 r - a ring of flight (left hand)
Wands
 t - a wand of random effects (15)
Scrolls
 a - 2 scrolls of amnesia {unknown}
 c - a scroll of enchant weapon {unknown}
 d - 2 scrolls of remove curse {unknown}
 e - 3 scrolls of identify {unknown}
 i - a scroll of teleportation {unknown}
 k - a scroll of noise {unknown}
 m - 2 scrolls of fog {unknown}
 n - a scroll of enchant armour {unknown}
 o - a scroll of magic mapping {unknown}
 q - a scroll of random uselessness {unknown}
Potions
 f - a potion of agility {unknown}
 g - a potion of mutation
 h - a potion of ambrosia
 l - a potion of resistance {unknown}
 p - a potion of might {unknown}
Comestibles
 b - 11 rations
 j - 8 chunks of flesh


   Skills:
 + Level 0.5 Fighting
 + Level 2.4 Dodging
 + Level 2.2 Stealth
 + Level 1.3 Unarmed Combat
 + Level 2.8 Spellcasting
 + Level 2.3 Conjurations
 + Level 4.3 Fire Magic


You had one spell level left.
You knew the following spells:

 Your Spells              Type           Power        Failure   Level  Hunger
a - Foxfire               Conj/Fire      ##..         9%          1    #......
c - Conjure Flame         Conj/Fire      ##......     24%         3    ###....
d - Sticky Flame          Conj/Fire      ##......     63%         4    #####..

Your spell library contained the following spells:

 Spells                   Type           Power        Failure   Level  Hunger
 Confusing Touch          Hex            #.....       32%         1    #......
 Inner Flame              Hex/Fire       #.......     36%         3    ###....
 Confuse                  Hex            #.......     67%         3    ###....
 Gell's Gravitas          Tloc           #.........   67%         3    ###....
 Fireball                 Conj/Fire      ##........   92%         5    ######.
 Petrify                  Tmut/Erth      #.......     97%         4    #####..
 Metabolic Englaciation   Hex/Ice        #.........   100%        5    ######.
 Yara's Violent Unravell  Hex/Tmut       #.........   100%        5    ######.


Dungeon Overview and Level Annotations

Branches:
Dungeon (3/15)

Altars:
Fedhas
Hepliaklqana
Kikubaaqudgha
Wu Jian
Xom

Annotations:
D:2 1 runed translucent door, Crazy Yiuf, Ijyb


Innate Abilities, Weirdness & Mutations

Your plain brown scales are hard. (AC +5)
You cannot fit into any form of body armour.
You are cold-blooded and may be slowed by cold attacks.
You are resistant to hostile enchantments. (MR+)
Your system is resistant to poisons. (rPois)
You expend magic power (3 MP) to strengthen your wands.


Message History

You conjure some foxfire!
Ijyb zaps a wand.
The puff of flame hits you.
You closely miss Ijyb. You tail-slap Ijyb, but do no damage.
Ijyb is heavily wounded.
The foxfire hits Ijyb.
Ijyb is heavily wounded.
The foxfire hits Ijyb but does no damage.
Ijyb is heavily wounded.
Ijyb zaps a wand.
The puff of flame misses you.
Casting: Foxfire (safe; 9% risk of failure)
Confirm with . or Enter, or press ? or * to list all spells.
You conjure some foxfire!
Ijyb zaps a wand.
The puff of flame hits you.
* * * LOW HITPOINT WARNING * * *
You hit Ijyb but do no damage.
Ijyb is heavily wounded.
The foxfire hits Ijyb.
Ijyb is heavily wounded.
The foxfire hits Ijyb.
Ijyb is severely wounded.
Ijyb zaps a wand.
The puff of flame hits you!
You die...

#.#############....P.####.+.
#...................## ###.
#########>.......####
#........# #........#
###.....############
#.###.##.##.......
#g###.#.^##.#.###.
#@.##.#.###.#.#...
##§##.......#.#...
#..........#.....
####.......###...
#.............
#.......##....
########...####......
#........###.÷###....
#.......##....÷##....


You could see Ijyb.

Vanquished Creatures
  An orc priest (D:3)
  An orc wizard (D:3)
  Jessica (D:2)
  5 adders
  A worm (D:2)
  5 dart slugs
  2 leopard geckos (D:2)
  7 orcs
  A giant cockroach (D:1)
  6 goblins
  4 hobgoblins
  4 jackals (D:2)
  A quokka (D:2)
  8 bats
  3 frilled lizards
  4 kobolds
  5 rats
59 creatures vanquished.

Vanquished Creatures (others)
  154 foxfires
154 creatures vanquished.

Grand Total: 213 creatures vanquished

Notes
Turn   | Place    | Note
-------+----------+-------------------------------------------
     0 | D:1      | Atlas the Draconian Fire Elementalist began the quest for
                  | the Orb.
     0 | D:1      | Reached XP level 1. HP: 14/14 MP: 3/3
   617 | D:1      | Reached XP level 2. HP: 18/20 MP: 3/5
  1228 | D:2      | Noticed Jessica
  1241 | D:2      | Killed Jessica
  1241 | D:2      | Reached XP level 3. HP: 22/26 MP: 2/6
  1408 | D:2      | Found a runed translucent door.
  1409 | D:2      | Noticed Crazy Yiuf
  1441 | D:2      | Found a glowing silver altar of Zin.
  1443 | D:2      | Found an ornate altar of the Wu Jian Council.
  1443 | D:2      | Found an ancient bone altar of Kikubaaqudgha.
  1445 | D:2      | Found a hazy altar of Hepliaklqana.
  1445 | D:2      | Found a shimmering altar of Xom.
  1445 | D:2      | Found a blossoming altar of Fedhas.
  1694 | D:2      | Reached XP level 4. HP: 33/33 MP: 2/7
  1836 | D:2      | Gained mutation: You are resistant to hostile enchantments.
                  | (MR+) [potion of mutation]
  1836 | D:2      | Gained mutation: You expend magic power (3 MP) to
                  | strengthen your wands. [potion of mutation]
  1836 | D:2      | Gained mutation: Your system is resistant to poisons.
                  | (rPois) [potion of mutation]
  2089 | D:2      | Reached skill level 4 in Fire Magic
  2169 | D:2      | Learned a level 3 spell: Conjure Flame
  2174 | D:2      | Learned a level 4 spell: Sticky Flame
  2532 | D:3      | Reached skill level 1 in Unarmed Combat
  2537 | D:3      | Reached XP level 5. HP: 28/39 MP: 1/9
  3081 | D:3      | Noticed Ijyb
  3121 | D:2      | Killed from afar by Ijyb

Levels and vault maps discovered:
D:1:      wander_arrival_lonely_grave, layout_basic
D:2:      minmay_chambers_of_ones, layout_rooms, doesnt_xom_only_xom,
          first_ration, kennysheep_crisscross,
          wander_ebering_terrifying_dragon_lair, uniq_jessica,
          uniq_crazy_yiuf_cottage
D:3:      layout_loops_cross, uniq_ijyb

Skill      XL: |  1  2  3  4 |
---------------+-------------+-----
Dodging        | 2 |  2.4
Stealth        | 2 |  2.2
Fire Magic     | 4 |  4.3
Unarmed Combat | 1 |  1.3
Conjurations   | 2 |  2.3
Fighting       | |  0.5
Spellcasting   | |  2.8

Action                   |  1- 3 |  4- 6 || total
-------------------------+-------+-------++-------
Melee: Unarmed           |    30 |    56 ||    86
       Tailslap          |     4 |    12 ||    16
       Punch             |       |     1 ||     1
 Cast: Foxfire           |    39 |    56 ||    95
  Use: Potion            |       |     3 ||     3
 Stab: Sleeping          |     2 |     1 ||     3
  Eat: Chunk             |     3 |     5 ||     8
Armor: Skin              |    28 |    25 ||    53
Dodge: Dodged            |    42 |    37 ||    79
Block: Buckler           |       |     1 ||     1

Table legend:
 A = Non-vault XP
 B = Vault XP
 C = Vault XP percentage of total XP
 D = Non-vault monster count
 E = Vault monster count
 F = Vault count percentage of total count
                 A         B        C        D         E       F
            +---------+---------+-------+---------+---------+-------
      Total |     235 |      54 |  18.7 |      52 |       7 |  11.9
            +---------+---------+-------+---------+---------+-------
        D:1 |      17 |       0 |   0.0 |      10 |       0 |   0.0
        D:2 |      74 |      54 |  42.2 |      25 |       7 |  21.9
        D:3 |     144 |       0 |   0.0 |      17 |       0 |   0.0
            +---------+---------+-------+---------+---------+-------
